 Dungeon Crawl Stone Soup version 0.31-a0-232-gb1c03b2570 (webtiles) character file.

Game seed: 9693040806482739847

71801 qw the Marksgargoyle (level 15, -10/98 HPs)
             Began as a Gargoyle Hexslinger on July 7, 2023.
             Was an Elder of Okawaru.
             Mangled by a vault guard
             ... wielding a +2 heavy bardiche
              (16 damage)
             ... on level 13 of the Dungeon.
             The game lasted 00:07:45 (18074 turns).

qw the Marksgargoyle (Gargoyle Hexslinger)         Turns: 18074, Time: 00:07:46

Health: -10/98     AC: 30    Str: 21    XL:     15   Next: 37%
Magic:  21/22      EV: 19    Int:  9    God:    Okawaru [****..]
Gold:   1992       SH:  5    Dex: 19    Spells: 15/16 levels left

rFire   + + .        c - +7 longbow of the End {flame, Fly rC- Str+8 Dex-5}
rCold   . . .        (shield currently unavailable)
rNeg    + . .        r - +5 ring mail of Minor Irritation {rF+++ rCorr Int-5}
rPois   inf          i - +2 hat
rElec   +            l - +0 cloak
rCorr   +            d - +0 pair of gloves
SInv    .            s - +0 pair of boots
Will    +....        v - amulet of reflection
Stlth   ++           k - +6 ring of dexterity
HPRegen 0.36/turn    x - ring of ice
MPRegen 0.18/turn

%: reflection
@: heroic, flying
A: sickness immunity, AC +11, big wings, negative energy resistance 1,
electricity resistance, torment resistance 1, petrification resistance
a: Renounce Religion, Heroism, Finesse


You were on level 13 of the Dungeon.
You worshipped Okawaru.
Okawaru was greatly pleased with you.
You visited 3 branches of the dungeon, and saw 19 of its levels.

You collected 1992 gold pieces.


Innate Abilities, Weirdness & Mutations

You are immune to sickness and miasma.
Your stone body is resilient. (AC +11)
You are immune to poison.
Your large and strong wings let you fly.
You resist negative energy. (rN+)
You are resistant to electric shocks. (rElec)
You are resistant to unholy torment.
You are immune to petrification.


   Skills:
 - Level 13.0(18.0) Fighting
 + Level 19.5(24.5) Ranged Weapons
 - Level 8.0(13.0) Armour
 - Level 7.0(12.0) Dodging
 - Level 1.0 Spellcasting
 - Level 2.6 Hexes
 - Level 10.0 Invocations


You had 15 spell levels left.
You knew the following spells:

 Your Spells              Type           Power      Damage    Failure   Level
a - Slow                  Hex            20%        N/A       19%         1

Your spell library contained the following spells:

 Spells                   Type           Power      Damage    Failure   Level
 Inner Flame              Hex/Fire       2%         N/A       67%         3
 Portal Projectile        Hex/Tloc       4%         N/A       67%         3
 Cause Fear               Hex            2%         N/A       87%         4

Inventory:

Hand Weapons
 c - the +7 longbow of the End (weapon) {flame, Fly rC- Str+8 Dex-5}
   (You acquired it on level 1 of the Dungeon)

   Str:       It affects your strength (+8).
   Dex:       It affects your dexterity (-5).
   rC:        It makes you vulnerable to cold.
   Fly:       It grants you flight.
Armour
 d - a +0 pair of gloves (worn)
 i - a +2 hat (worn)
 l - a +0 cloak (worn)
 r - the +5 ring mail of Minor Irritation (worn) {rF+++ rCorr Int-5}
   (You found it on level 1 of the Lair of Beasts)

   Int:       It affects your intelligence (-5).
   rF:        It renders you almost immune to fire.
   rCorr:     It protects you from acid and corrosion.
 s - a +0 pair of boots (worn)
Jewellery
 f - a ring of protection from fire
 k - a +6 ring of dexterity (left hand)
 p - a ring of positive energy
 v - an amulet of reflection (around neck)
 x - a ring of ice (right hand)
Wands
 j - a wand of digging (12)
Scrolls
 a - 4 scrolls of identify
 t - 3 scrolls of enchant weapon
Potions
 b - a potion of cancellation
 e - 2 potions of haste
 g - 3 potions of magic
 h - 3 potions of might
 m - 2 potions of enlightenment
 n - a potion of mutation
 q - 4 potions of curing

Dungeon Overview and Level Annotations

Branches:
Dungeon (13/15)            Temple (1/1) D:4            Lair (5/5) D:10
 Shoals (0/4) Lair:2       Spider (0/4) Lair:3        Slime (0/5) Lair:5
    Orc (0/2) D:10
 Vaults: D:13-14

Altars:
Ashenzari
Cheibriados
Dithmenos
Elyvilon
Fedhas
Gozag
Hepliaklqana
Kikubaaqudgha
Makhleb
Nemelex Xobeh
Okawaru
Qazlal
Ru
Sif Muna
Trog
Uskayaw
Vehumet
Wu Jian
Xom
Yredelemnul
Zin
The Shining One
Jiyva

Portals:
Trove: D:10 (give 5 scrolls of fog)

Annotations:
D:3 2 transporters
D:10 3 runed translucent doors, qw's ghost, journeyman MiHs
D:13 1 runed translucent door
Lair:1 2 transporters


Message History

The vault guard completely misses you.
You shoot an arrow.
The arrow hits the vault guard but does no damage.
The vault guard is severely wounded.
The vault guard hits you from afar with a +2 heavy bardiche!
The vault guard hits you with a +1 great mace of protection!
The vault guard hits you with a +0 broad axe!
18067 ||| INVOKING Heroism.
You gain the combat prowess of a mighty hero.
You block the vault guard's attack. The vault guard barely misses you.
The vault guard hits you with a +0 broad axe.
You shoot an arrow. The arrow hits the vault guard!
The arrow burns the vault guard!
The vault guard is almost dead.
You shoot an arrow.
The arrow completely misses the vault guard.
The vault guard hits you but does no damage.
The vault guard closely misses you. You block the vault guard's attack.
You shoot an arrow. The arrow hits the vault guard.
The arrow burns the vault guard.
The vault guard is almost dead.
The vault guard hits you but does no damage. x2
You shoot an arrow.
The arrow hits the vault guard but does no damage.
The vault guard is almost dead.
You block the vault guard's attack.
The vault guard hits you from afar with a +2 heavy bardiche!!
The vault guard hits you but does no damage.
You shoot an arrow.
The arrow closely misses the vault guard.
You shoot an arrow.
The arrow barely misses the vault guard.
The vault guard hits you with a +1 great mace of protection!
The vault guard hits you with a +0 broad axe!
You shoot an arrow. The arrow hits the vault guard!!
The arrow burns the vault guard.
You kill the vault guard!
Okawaru accepts your kill.
The vault guard hits you from afar with a +2 heavy bardiche!
You die...

~~~8.8~~~~~~#
##~~.~~###### ######
##~.~## ###....######
#8.8# #####.#.#.......#
##.#####(....#.#.......#
#.............(.^....^#
#####.####.###.#.#.......#
#.....###......#.#########
###.)......##..#@#
.....###...##..#)p# ....##
#.....####p# .....#
#.#.### p# ...#.###.#.# p#
.......#.#.. p#
...#.#.#.###. p#
...#.#.#.# .# ..
...#.#.#.# .


You could see 6 vault guards.

Vanquished Creatures
  Rupert (Lair:5)
  A dire elephant (Lair:5)
  A vault guard (D:13)
  3 hydras (Lair:4)
  Harold (D:11)
  3 catoblepae
  2 centaur warriors
  6 two-headed ogres
  5 boulder beetles
  10 skeletal warriors
  Pikel (D:6)
  An orb spider (Lair:3)
  3 lindwurms (Lair:5)
  A deep elf pyromancer (D:13)
  10 elephants (Lair:5)
  2 cyclopes
  4 ugly things
  3 manticores
  6 black mambas
  3 merfolk sirens (Lair:2)
  Maurice (D:10)
  4 gargoyles
  18 cane toads
  2 torpor snails
  7 rime drakes
  An unseen horror (D:11)
  2 ice devils (Lair:3)
  8 komodo dragons
  3 efreet (D:13)
  2 trolls
  A merfolk (Lair:2)
  2 polar bears
  2 hornets
  24 blink frogs
  14 slime creatures
  A vampire (D:10)
  2 wraiths
  3 shadows
  2 wyverns
  A steam dragon (D:8)
  52 yaks
  A fire elemental (Lair:2)
  4 basilisks
  8 vampire mosquitoes
  Menkaure (D:6)
  4 acid dragons
  14 water moccasins
  10 orc warriors
  2 sky beasts (D:7)
  3 black bears
  4 boggarts (Lair:4)
  4 centaurs
  An ogre (D:12)
  19 wolves
  4 lemures (D:6)
  2 phantoms
  Blork the orc (D:6)
  11 bullfrogs
  3 scorpions
  6 wights
  6 killer bees
  8 electric eels
  3 howler monkeys
  2 jellies
  2 gnoll boudas
  2 hounds
  15 orc priests
  An iron imp (D:9)
  3 iguanas
  3 sleepcaps
  16 orc wizards
  15 gnolls
  7 adders
  A shadow imp (D:6)
  2 worms (D:2)
  3 dart slugs
  58 orcs
  6 ball pythons
  5 endoplasms
  3 giant cockroaches
  4 goblins
  3 hobgoblins
  7 jackals
  2 quokkas
  6 bats
  2 frilled lizards
  10 kobolds
  14 rats
530 creatures vanquished.

Vanquished Creatures (others)
  An orc wizard (D:12)
1 creature vanquished.

Grand Total: 531 creatures vanquished

Notes
Turn   | Place    | Note
-------+----------+-------------------------------------------
     0 | D:1      | qw the Gargoyle Hexslinger began the quest for the Orb.
     0 | D:1      | Reached XP level 1. HP: 12/12 MP: 2/2
     0 | D:1      | 0 ||| qw: Version: 0.3-a-46-gb1f654a
     0 | D:1      | 0 ||| qw: Game counter: 2980
     0 | D:1      | 0 ||| qw: Melee chars always use a shield: true
     0 | D:1      | 0 ||| qw: God list: Okawaru
     0 | D:1      | 0 ||| qw: Allow faded altars: false
     0 | D:1      | 0 ||| qw: Do Orc after clearing Dungeon:15 true
     0 | D:1      | 0 ||| qw: Do second Lair branch before Depths: true
     0 | D:1      | 0 ||| qw: Lair rune preference: random
     0 | D:1      | 0 ||| qw: Goals: Normal
     0 | D:1      | 0 ||| PLANNING D:1-11
   101 | D:1      | Reached XP level 2. HP: 12/16 MP: 3/3
   206 | D:1      | Reached skill level 3 in Ranged Weapons
   207 | D:1      | 207 ||| FLEEEEING.
   208 | D:1      | 208 ||| FLEEEEING.
   209 | D:1      | 209 ||| FLEEEEING.
   210 | D:1      | 210 ||| FLEEEEING.
   428 | D:1      | Reached XP level 3. HP: 18/21 MP: 4/4
   603 | D:1      | 603 ||| UPGRADING to +0 ring mail.
   613 | D:1      | 613 ||| DROPPING +0 robe.
   614 | D:1      | 614 ||| UPGRADING to +2 hat.
   619 | D:1      | 619 ||| READING 2 scrolls labelled UGAOMOIMUPUG.
   620 | D:1      | 620 ||| READING scroll labelled AJAHEY XUKLAMM.
   620 | D:1      | Identified a scroll of acquirement
   620 | D:1      | 620 ||| ACQUIRING +7 longbow of the End {flame, Fly rC-
                  | Str+8 Dex-5}
   620 | D:1      | Acquired the +7 longbow of the End {flame, Fly rC- Str+8
                  | Dex-5}
   622 | D:1      | 622 ||| SWAPPING to +7 longbow of the End {flame, Fly rC-
                  | Str+8 Dex-5}.
   623 | D:1      | 623 ||| DROPPING +1 sling.
   624 | D:1      | 624 ||| DROPPING scroll of poison.
   669 | D:2      | You are sucked into a shaft and drop 1 floor!
   672 | D:3      | Found a transporter.
   677 | D:3      | Found a transporter.
   774 | D:3      | 774 ||| READING 2 scrolls of identify.
   774 | D:3      | 774 ||| IDENTIFYING brown potion
   775 | D:3      | 775 ||| DROPPING potion of ambrosia.
   809 | D:2      | 809 ||| UPGRADING to +0 ring mail of cold resistance.
   819 | D:2      | 819 ||| DROPPING +0 ring mail.
  1044 | D:2      | Reached XP level 4. HP: 22/26 MP: 5/5
  1174 | D:2      | Reached skill level 4 in Ranged Weapons
  1389 | D:2      | Reached skill level 1 in Armour
  1461 | D:2      | 1461 ||| DRINKING 2 bubbling purple potions.
  1462 | D:2      | 1462 ||| READING 2 scrolls of identify.
  1462 | D:2      | 1462 ||| IDENTIFYING lumpy grey potion
  1463 | D:2      | 1463 ||| DROPPING potion of invisibility.
  1843 | D:3      | Reached XP level 5. HP: 30/30 MP: 6/6
  2225 | D:3      | 2225 ||| READING 2 scrolls labelled PUJYFF XUDGH.
  2228 | D:3      | 2228 ||| DRINKING 2 lumpy amethyst potions.
  2264 | D:3      | 2264 ||| READING 4 scrolls of identify.
  2264 | D:3      | 2264 ||| IDENTIFYING amethyst potion
  2265 | D:3      | 2265 ||| READING 3 scrolls of identify.
  2265 | D:3      | 2265 ||| IDENTIFYING clear potion
  2266 | D:3      | 2266 ||| READING 2 scrolls of identify.
  2266 | D:3      | 2266 ||| IDENTIFYING yellow potion
  2267 | D:3      | 2267 ||| DROPPING potion of lignification.
  2268 | D:3      | 2268 ||| DROPPING potion of attraction.
  2322 | D:4      | Reached skill level 5 in Ranged Weapons
  2637 | D:4      | Reached XP level 6. HP: 23/36 MP: 7/7
  2639 | D:4      | Reached skill level 3 in Fighting
  2791 | D:4      | Found a staircase to the Ecumenical Temple.
  2793 | D:4      | 2793 ||| PLANNING TEMPLE
  2793 | D:4      | 2793 ||| UPGRADING to +0 pair of gloves.
  2798 | D:4      | 2798 ||| UPGRADING to +0 cloak.
  2803 | D:4      | 2803 ||| READING scroll labelled KEBOUH UDOJUV.
  2804 | D:4      | 2804 ||| READING scroll labelled PEDAVELIOM.
  2910 | Temple   | Entered the Ecumenical Temple
  3051 | Temple   | 3051 ||| PLANNING D:1-11
  3114 | D:5      | Entered Level 5 of the Dungeon
  3171 | D:5      | Reached skill level 6 in Ranged Weapons
  3175 | D:5      | HP: 8/37 [killer bee (2)]
  3176 | D:5      | 3176 ||| READING scroll of teleportation.
  3177 | D:5      | 3177 ||| DRINKING potion of heal wounds.
  3180 | D:5      | Reached XP level 7. HP: 32/43 MP: 8/8
  3180 | D:5      | Found a stormy altar of Qazlal.
  3236 | D:5      | Found an iron altar of Okawaru.
  3237 | D:5      | 3237 ||| PLANNING OKAWARU WORSHIP
  3237 | D:5      | 3237 ||| UPGRADING to +6 ring of dexterity.
  3243 | D:5      | Found a burning altar of Makhleb.
  3245 | D:5      | Became a worshipper of Warmaster Okawaru
  3246 | D:5      | 3246 ||| PLANNING D:1-11
  3247 | D:5      | Found a sparkling altar of Nemelex Xobeh.
  3250 | D:5      | Found a shadowy altar of Dithmenos.
  3255 | D:5      | Found a glowing golden altar of the Shining One.
  3741 | D:5      | 3741 ||| DROPPING amulet of magic regeneration.
  3742 | D:5      | 3742 ||| READING scroll labelled DOPE GUECRAXZU.
  3743 | D:5      | 3743 ||| READING scroll labelled OSUIFE LEMMA.
  3744 | D:5      | 3744 ||| READING scroll labelled KIYTSI FANITI.
  3777 | D:5      | 3777 ||| READING scroll labelled OQIUQI ALUER.
  3778 | D:5      | 3778 ||| READING 2 scrolls of identify.
  3778 | D:5      | 3778 ||| IDENTIFYING smoky amethyst potion
  3814 | D:6      | 3814 ||| PLANNING SEWER
  3815 | D:6      | 3815 ||| Stepping ~*~*~tactically~*~*~ (outnumbered).
  3817 | D:6      | 3817 ||| Stepping ~*~*~tactically~*~*~ (outnumbered).
  3821 | D:6      | Reached skill level 7 in Ranged Weapons
  3842 | D:6      | Noticed Pikel
  3852 | D:6      | Killed Pikel
  3853 | D:6      | Reached XP level 8. HP: 17/48 MP: 9/9
  3967 | D:6      | 3967 ||| Stepping ~*~*~tactically~*~*~ (outnumbered).
  3969 | D:6      | 3969 ||| Stepping ~*~*~tactically~*~*~ (outnumbered).
  4084 | D:6      | Reached * piety under Okawaru
  4134 | D:6      | Reached skill level 1 in Invocations
  4139 | D:6      | Noticed Menkaure
  4140 | D:6      | 4140 ||| INVOKING Heroism.
  4143 | D:6      | Killed Menkaure
  4144 | D:6      | Reached skill level 8 in Ranged Weapons
  4164 | D:6      | Noticed a yak
  4164 | D:6      | Noticed a yak
  4167 | D:6      | Noticed a yak
  4168 | D:6      | Killed a yak
  4169 | D:6      | Reached skill level 3 in Invocations
  4169 | D:6      | Noticed a yak
  4169 | D:6      | Noticed a yak
  4170 | D:6      | 4170 ||| INVOKING Heroism.
  4171 | D:6      | Noticed a yak
  4173 | D:6      | Killed a yak
  4174 | D:6      | Reached XP level 9. HP: 37/54 MP: 7/11
  4186 | D:6      | Reached ** piety under Okawaru
  4187 | D:6      | Reached skill level 9 in Ranged Weapons
  4294 | D:6      | 4294 ||| INVOKING Heroism.
  4398 | D:6      | Noticed Blork the orc
  4399 | D:6      | 4399 ||| INVOKING Heroism.
  4401 | D:6      | Killed Blork the orc
  4433 | D:6      | 4433 ||| RIP SEWER
  4482 | D:6      | 4482 ||| PLANNING D:1-11
  4482 | D:6      | 4482 ||| INVOKING Heroism.
  4608 | D:6      | Reached skill level 6 in Fighting
  4712 | D:6      | 4712 ||| READING scroll labelled UPEXOR XILU.
  4892 | D:7      | Reached skill level 10 in Ranged Weapons
  5005 | D:7      | Reached skill level 3 in Dodging
  5008 | D:7      | 5008 ||| INVOKING Heroism.
  5009 | D:7      | 5009 ||| READING scroll labelled BYEWNEMOMP.
  5010 | D:7      | 5010 ||| READING 3 scrolls of identify.
  5010 | D:7      | 5010 ||| IDENTIFYING fizzy golden potion
  5021 | D:7      | Reached XP level 10. HP: 60/61 MP: 11/13
  5033 | D:7      | 5033 ||| INVOKING Heroism.
  5070 | D:7      | 5070 ||| FLEEEEING.
  5071 | D:7      | 5071 ||| FLEEEEING.
  5409 | D:7      | 5409 ||| UPGRADING to ring of positive energy.
  5410 | D:7      | 5410 ||| READING scroll labelled LINNAE ZIMIFU.
  5657 | D:8      | 5657 ||| INVOKING Heroism.
  5833 | D:8      | 5833 ||| INVOKING Heroism.
  5845 | D:8      | 5845 ||| INVOKING Heroism.
  6021 | D:8      | Reached skill level 11 in Ranged Weapons
  6029 | D:8      | 6029 ||| INVOKING Heroism.
  6288 | D:8      | 6288 ||| INVOKING Heroism.
  6289 | D:8      | 6289 ||| INVOKING Heroism.
  6413 | D:8      | 6413 ||| READING 2 scrolls of identify.
  6413 | D:8      | 6413 ||| IDENTIFYING fizzy white potion
  6450 | D:9      | 6450 ||| STAIRDANCE
  6473 | D:9      | 6473 ||| STAIRDANCE
  6480 | D:8      | 6480 ||| INVOKING Heroism.
  6577 | D:9      | 6577 ||| STAIRDANCE
  6579 | D:8      | 6579 ||| INVOKING Heroism.
  6585 | D:8      | HP: 13/64 [yak (11)]
  6586 | D:8      | 6586 ||| READING scroll of teleportation.
  6842 | D:9      | 6842 ||| Stepping ~*~*~tactically~*~*~ (outnumbered).
  6849 | D:9      | 6849 ||| FLEEEEING.
  6850 | D:9      | 6850 ||| FLEEEEING.
  6851 | D:9      | 6851 ||| INVOKING Heroism.
  6856 | D:9      | Reached skill level 12 in Ranged Weapons
  6898 | D:9      | Reached *** piety under Okawaru
  6919 | D:9      | Reached XP level 11. HP: 68/68 MP: 14/14
  6920 | D:9      | 6920 ||| DRINKING 2 potions of curing.
  6920 | D:9      | 6920 ||| (to cure confusion)
  6921 | D:9      | 6921 ||| DRINKING potion of curing.
  6921 | D:9      | 6921 ||| (to cure confusion)
  6978 | D:9      | 6978 ||| INVOKING Heroism.
  7045 | D:9      | Reached skill level 13 in Ranged Weapons
  7048 | D:9      | 7048 ||| INVOKING Heroism.
  7288 | D:9      | Found a blossoming altar of Fedhas.
  7323 | D:9      | Found a snail-covered altar of Cheibriados.
  7324 | D:9      | 7324 ||| UPGRADING to ring of protection from fire.
  7436 | D:10     | Entered Level 10 of the Dungeon
  7461 | D:10     | 7461 ||| INVOKING Heroism.
  7557 | D:10     | 7557 ||| Stepping ~*~*~tactically~*~*~ (outnumbered).
  7567 | D:10     | 7567 ||| INVOKING Heroism.
  7614 | D:10     | Reached skill level 9 in Fighting
  7784 | D:10     | Found an opulent altar of Gozag.
  7853 | D:10     | 7853 ||| INVOKING Heroism.
  7880 | D:10     | Found a staircase to the Orcish Mines.
  8032 | D:10     | Found a runed translucent gate.
  8032 | D:10     | Found a runed translucent gate.
  8033 | D:10     | Found a runed translucent gate.
  8034 | D:10     | Noticed qw's ghost (journeyman MiHs)
  8115 | D:10     | Found a staircase to the Lair.
  8182 | D:10     | Identified the +0 plate armour "Qokhlecku" {rF+ rC- Regen+}
  8356 | D:10     | Noticed a two-headed ogre
  8357 | D:10     | 8357 ||| INVOKING Heroism.
  8360 | D:10     | Noticed Maurice
  8362 | D:10     | Killed a two-headed ogre
  8362 | D:10     | Reached **** piety under Okawaru
  8368 | D:10     | Killed Maurice
  8446 | D:10     | Found a portal to a secret trove of treasure.
  8508 | D:10     | 8508 ||| PLANNING LAIR
  8508 | D:10     | 8508 ||| DROPPING +0 steam dragon scales.
  8509 | D:10     | 8509 ||| DROPPING +1 leather armour of positive energy.
  8510 | D:10     | 8510 ||| UPGRADING to amulet of reflection.
  8515 | D:10     | 8515 ||| READING 2 scrolls of identify.
  8515 | D:10     | 8515 ||| IDENTIFYING smoky blue potion
  8573 | Lair:1   | Entered Level 1 of the Lair of Beasts
  8757 | Lair:1   | 8757 ||| INVOKING Heroism.
  8816 | Lair:1   | Identified the +5 ring mail of Minor Irritation {rF+++
                  | rCorr Int-5}
  8817 | Lair:1   | 8817 ||| INVOKING Heroism.
  8821 | Lair:1   | Reached skill level 14 in Ranged Weapons
  8841 | Lair:1   | Reached skill level 6 in Invocations
  8885 | Lair:1   | Found a transporter.
  8909 | Lair:1   | 8909 ||| INVOKING Heroism.
  9026 | Lair:1   | 9026 ||| INVOKING Heroism.
  9029 | Lair:1   | Reached XP level 12. HP: 77/77 MP: 13/17
  9341 | Lair:1   | Found a transporter.
  9342 | Lair:1   | Noticed a boulder beetle
  9371 | Lair:1   | 9371 ||| UPGRADING to +5 ring mail of Minor Irritation
                  | {rF+++ rCorr Int-5}.
  9381 | Lair:1   | 9381 ||| REMOVING ring of protection from fire.
  9382 | Lair:1   | 9382 ||| DROPPING +0 ring mail of cold resistance.
  9383 | Lair:1   | 9383 ||| DROPPING +3 ring mail.
  9384 | Lair:1   | 9384 ||| UPGRADING to ring of ice.
  9385 | Lair:1   | 9385 ||| READING scroll labelled LEEZIS NIU.
  9386 | Lair:1   | 9386 ||| READING 2 scrolls of identify.
  9386 | Lair:1   | 9386 ||| IDENTIFYING metallic coppery potion
  9387 | Lair:1   | 9387 ||| DROPPING potion of degeneration.
  9431 | Lair:2   | 9431 ||| INVOKING Heroism.
  9503 | Lair:2   | Reached ***** piety under Okawaru
  9739 | Lair:2   | Noticed a boulder beetle
  9740 | Lair:2   | 9740 ||| INVOKING Heroism.
  9747 | Lair:2   | Killed a boulder beetle
  9836 | Lair:2   | Found a dark tunnel.
  9932 | Lair:2   | 9932 ||| INVOKING Heroism.
  9957 | Lair:2   | Reached skill level 9 in Invocations
  9983 | Lair:2   | Found a staircase to the Shoals.
 10151 | Lair:2   | 10151 ||| INVOKING Heroism.
 10355 | Lair:2   | 10355 ||| DROPPING ring of wizardry.
 10380 | Lair:3   | 10380 ||| INVOKING Heroism.
 10391 | Lair:3   | Reached skill level 15 in Ranged Weapons
 10411 | Lair:3   | Received a gift from Okawaru
 10461 | Lair:3   | 10461 ||| DROPPING +0 antimagic orcbow.
 10670 | Lair:3   | Found a hole to the Spider Nest.
 10671 | Lair:3   | 10671 ||| INVOKING Finesse.
 10675 | Lair:3   | Reached XP level 13. HP: 82/82 MP: 14/20
 10803 | Lair:3   | 10803 ||| INVOKING Heroism.
 10994 | Lair:3   | Reached skill level 16 in Ranged Weapons
 11380 | Lair:4   | 11380 ||| INVOKING Heroism.
 11405 | Lair:4   | HP: 4/82 [komodo dragon (20)]
 11406 | Lair:4   | 11406 ||| READING 3 scrolls of teleportation.
 11407 | Lair:4   | 11407 ||| DRINKING 2 potions of heal wounds.
 11408 | Lair:4   | 11408 ||| READING 2 scrolls of teleportation.
 11409 | Lair:4   | 11409 ||| DRINKING potion of heal wounds.
 11546 | Lair:4   | 11546 ||| INVOKING Heroism.
 11626 | Lair:4   | 11626 ||| INVOKING Heroism.
 11714 | Lair:4   | 11714 ||| INVOKING Heroism.
 11844 | Lair:4   | 11844 ||| INVOKING Heroism.
 12018 | Lair:4   | 12018 ||| INVOKING Heroism.
 12056 | Lair:4   | 12056 ||| INVOKING Heroism.
 12085 | Lair:4   | 12085 ||| INVOKING Heroism.
 12093 | Lair:4   | HP: 20/84 [black bear (4)]
 12094 | Lair:4   | 12094 ||| READING scroll of teleportation.
 12096 | Lair:4   | HP: 2/84 [basilisk[a boggart] (8)]
 12143 | Lair:4   | 12143 ||| INVOKING Heroism.
 12258 | Lair:4   | 12258 ||| INVOKING Heroism.
 12416 | Lair:4   | 12416 ||| INVOKING Heroism.
 12880 | Lair:5   | Entered Level 5 of the Lair of Beasts
 12881 | Lair:5   | 12881 ||| INVOKING Heroism.
 12888 | Lair:5   | 12888 ||| STAIRDANCE
 12909 | Lair:4   | 12909 ||| INVOKING Heroism.
 12916 | Lair:4   | Reached skill level 17 in Ranged Weapons
 12921 | Lair:4   | Reached skill level 6 in Armour
 13081 | Lair:5   | 13081 ||| INVOKING Heroism.
 13134 | Lair:5   | Found a snail-covered altar of Cheibriados.
 13169 | Lair:5   | 13169 ||| INVOKING Heroism.
 13371 | Lair:5   | Found a staircase to the Slime Pits.
 13371 | Lair:5   | Found a viscous altar of Jiyva.
 13444 | Lair:5   | 13444 ||| INVOKING Heroism.
 13455 | Lair:5   | Gained mutation: Your large and strong wings let you fly.
                  | [Gargoyle growth]
 13455 | Lair:5   | Reached XP level 14. HP: 82/90 MP: 19/21
 13635 | Lair:5   | 13635 ||| INVOKING Heroism.
 13638 | Lair:5   | Reached skill level 18 in Ranged Weapons
 13791 | Lair:5   | 13791 ||| Stepping ~*~*~tactically~*~*~ (outnumbered).
 13813 | Lair:5   | 13813 ||| FLEEEEING.
 13814 | Lair:5   | 13814 ||| FLEEEEING.
 13815 | Lair:5   | 13815 ||| FLEEEEING.
 13816 | Lair:5   | 13816 ||| INVOKING Heroism.
 13864 | Lair:5   | 13864 ||| INVOKING Heroism.
 13870 | Lair:5   | Reached skill level 12 in Fighting
 13976 | Lair:5   | 13976 ||| FLEEEEING.
 14040 | Lair:5   | 14040 ||| INVOKING Heroism.
 14073 | Lair:5   | Noticed a dire elephant
 14076 | Lair:5   | 14076 ||| INVOKING Heroism.
 14087 | Lair:5   | Killed a dire elephant
 14087 | Lair:5   | Received a gift from Okawaru
 14092 | Lair:5   | Reached skill level 6 in Dodging
 14314 | Lair:5   | Noticed Rupert
 14315 | Lair:5   | 14315 ||| INVOKING Heroism.
 14316 | Lair:5   | 14316 ||| INVOKING Finesse.
 14320 | Lair:5   | Killed Rupert
 14551 | Lair:5   | 14551 ||| Stepping ~*~*~tactically~*~*~ (outnumbered).
 14699 | Lair:5   | 14699 ||| PLANNING D:1-11
 14699 | Lair:5   | 14699 ||| READING 4 scrolls of identify.
 14699 | Lair:5   | 14699 ||| IDENTIFYING fuming yellow potion
 14828 | D:11     | Noticed Harold
 14831 | D:11     | 14831 ||| FLEEEEING.
 14832 | D:11     | 14832 ||| FLEEEEING.
 14835 | D:11     | 14835 ||| STAIRDANCE
 15108 | D:11     | 15108 ||| INVOKING Heroism.
 15119 | D:11     | HP: 15/92 [skeletal warrior/+0 halberd (18)]
 15120 | D:11     | 15120 ||| READING scroll of teleportation.
 15121 | D:11     | HP: 3/92 [skeletal warrior/+0 halberd (11)]
 15454 | D:11     | Killed Harold
 15477 | D:11     | 15477 ||| INVOKING Heroism.
 15484 | D:11     | Reached skill level 19 in Ranged Weapons
 15659 | D:11     | 15659 ||| UPGRADING to +0 pair of boots.
 15675 | D:11     | Received a gift from Okawaru
 15980 | D:11     | 15980 ||| INVOKING Heroism.
 16046 | D:11     | 16046 ||| INVOKING Heroism.
 16118 | D:11     | 16118 ||| PLANNING D
 16118 | D:11     | 16118 ||| READING 2 scrolls labelled WEUJOAB KYNLE.
 16119 | D:11     | 16119 ||| DROPPING scroll of revelation.
 16136 | D:12     | 16136 ||| INVOKING Heroism.
 16137 | D:12     | 16137 ||| INVOKING Finesse.
 16268 | D:12     | 16268 ||| Stepping ~*~*~tactically~*~*~ (outnumbered).
 16269 | D:12     | 16269 ||| INVOKING Heroism.
 16278 | D:12     | HP: 14/92 [orc priest/divine providence (16)]
 16279 | D:12     | 16279 ||| READING scroll of teleportation.
 16290 | D:12     | HP: 9/92 [troll (8)]
 16338 | D:12     | 16338 ||| INVOKING Heroism.
 16414 | D:12     | 16414 ||| INVOKING Heroism.
 16588 | D:12     | 16588 ||| INVOKING Heroism.
 16645 | D:12     | 16645 ||| INVOKING Heroism.
 16707 | D:12     | 16707 ||| INVOKING Heroism.
 16708 | D:12     | 16708 ||| READING scroll of teleportation.
 16802 | D:12     | Reached XP level 15. HP: 98/98 MP: 22/22
 17060 | D:12     | 17060 ||| Stepping ~*~*~tactically~*~*~ (outnumbered).
 17063 | D:12     | 17063 ||| Stepping ~*~*~tactically~*~*~ (outnumbered).
 17068 | D:12     | 17068 ||| INVOKING Heroism.
 17090 | D:12     | HP: 23/98 [green ugly thing (8)]
 17095 | D:12     | HP: 22/98 [something (2)]
 17344 | D:12     | 17344 ||| DROPPING ring of magical power.
 17411 | D:13     | Found a runed translucent door.
 17414 | D:13     | Noticed a balrug
 17551 | D:13     | 17551 ||| INVOKING Heroism.
 18067 | D:13     | 18067 ||| INVOKING Heroism.
 18071 | D:13     | HP: 21/98 [vault guard/+2 heavy bardiche (23)]
 18073 | D:13     | HP: 6/98 [vault guard/+0 broad axe (7)]
 18074 | D:13     | Mangled by a vault guard

Levels and vault maps discovered:
D:1:      scummos_arrival_hexagon, layout_basic
D:2:      layout_rooms, minivault_19, minmay_rat_gold_closets
D:3:      gammafunk_steamed_eel, layout_loops_corners
D:4:      layout_basic, temple_statues
D:5:      layout_loops_ring, nicolae_overflow_hallway_of_the_gods
D:6:      layout_loops_cross, portal_sewer_entry_d, uniq_pikel,
          uniq_blork_the_orc, uniq_menkaure
D:7:      layout_loops_ring, serial_bayou, serial_bayou_pond_c,
          serial_bayou_shore_b, serial_bayou_pond_a, serial_bayou_pond_e,
          minivault_26
D:8:      layout_cave_pods, kennysheep_flooded_box,
          chequers_serial_rivers_micro_e
D:9:      layout_cross, fedhas_altar_1, slow_altar_1, hangedman_minor_gate_pass
D:10:     layout_irregular_city, mainiacjoe_overflow_alcove_4, lair_entry_dummy,
          hiddenorc1_lemuel, gammafunk_ghost_nasty_kobolds, enter_trove_6,
          hangedman_decor_push, uniq_maurice
D:11:     layout_roguey, uniq_harold
D:12:     layout_roguey [special_room_orc], kennysheep_kite_vault
D:13:     dreamdust_dug_too_deep, layout_basic, erik_vaults_2, glass_columns_a
Temple:   nicolae_temple_bog_church
Lair:1:   gammafunk_boulding_lane, layout_regular_city
Lair:2:   layout_gridlike, elwin_shoals_entry_stream, enter_volcano_4,
          lemuel_fruit_tree, serial_bayou_shore_a, infiniplex_staircase_pool_2
Lair:3:   layout_regular_city, nicolae_spider_entry_orb_guardian,
          portal_ice_cave_demonic_guard, nicolae_quartered_pool_impasse,
          grunt_megastairs_5, infiniplex_staircase_pool
Lair:4:   layout_gridlike, st_stairs_7, kilobyte_rumbling_trees
Lair:5:   hangedman_lair_in_review, layout_cave_pods,
          minmay_slime_entry_pillars, lemuel_altar_in_water2, uniq_rupert

Skill      XL: |  1  2  3  4  5  6  7  8  9 10 11 12 13 14 15 |
---------------+----------------------------------------------+-----
Ranged Weapons | 3 4 5 6 7 8 10 12 14 15 17 19 | 19.5
Fighting       | 2 4 5 6 8 9 10 11 13 | 13.0
Armour         | 1 5 6 7 8 |  8.0
Invocations    | 3 4 6 10 | 10.0
Dodging        | 3 4 5 6 7 |  7.0
Spellcasting   | |  1.0
Hexes          | |  2.6

Action                     |  1- 3 |  4- 6 |  7- 9 | 10-12 | 13-15 || total
---------------------------+-------+-------+-------+-------+-------++-------
   Fire: Sling             |    70 |       |       |       |       ||    70
         Longbow           |    24 |    99 |   145 |   515 |   892 ||  1675
 Invoke: Heroism           |       |       |     6 |    24 |    37 ||    67
         Finesse           |       |       |       |     1 |     2 ||     3
    Use: Scroll            |     3 |     8 |     8 |     6 |     8 ||    33
         Potion            |       |     3 |       |     2 |     2 ||     7
 Armour: Robe              |     8 |       |       |       |       ||     8
         Ring mail         |     7 |    71 |    39 |   128 |   365 ||   610
  Dodge: Dodged            |    20 |    48 |    46 |   161 |   466 ||   741
  Block: Other             |       |       |       |    23 |   140 ||   163
         Reflection        |       |       |       |       |     3 ||     3

Table legend:
 A = Non-vault XP
 B = Vault XP
 C = Vault XP percentage of total XP
 D = Non-vault monster count
 E = Vault monster count
 F = Vault count percentage of total count
                 A         B        C        D         E       F
            +---------+---------+-------+---------+---------+-------
      Total |   73640 |   29810 |  28.8 |     403 |     124 |  23.5
            +---------+---------+-------+---------+---------+-------
        D:1 |      43 |       0 |   0.0 |      28 |       0 |   0.0
        D:2 |      70 |       7 |   9.1 |      22 |       7 |  24.1
        D:3 |      63 |       0 |   0.0 |       9 |       0 |   0.0
        D:4 |     212 |       0 |   0.0 |      17 |       0 |   0.0
        D:5 |     444 |       0 |   0.0 |      10 |       0 |   0.0
        D:6 |    1915 |     947 |  33.1 |      25 |       4 |  13.8
        D:7 |    1253 |       0 |   0.0 |      15 |       0 |   0.0
        D:8 |    3077 |       0 |   0.0 |      46 |       0 |   0.0
        D:9 |    1658 |     789 |  32.2 |      18 |       7 |  28.0
       D:10 |    3225 |     675 |  17.3 |      18 |      18 |  50.0
       D:11 |    9397 |     850 |   8.3 |      19 |       1 |   5.0
       D:12 |    4420 |    6738 |  60.4 |      13 |      39 |  75.0
       D:13 |    9322 |     876 |   8.6 |      22 |       1 |   4.3
     Lair:1 |    4379 |       0 |   0.0 |      19 |       0 |   0.0
     Lair:2 |    7097 |    1684 |  19.2 |      27 |       4 |  12.9
     Lair:3 |    3831 |    3696 |  49.1 |      21 |      11 |  34.4
     Lair:4 |   10299 |    2720 |  20.9 |      40 |       9 |  18.4
     Lair:5 |   12935 |   10828 |  45.6 |      34 |      23 |  40.4
            +---------+---------+-------+---------+---------+-------
